cohdb
Replays
Latest Replays
All Replays
Popular Replays
Top Player Replays
Match Explorer
How It Works
Community
CoH3 Stats
Reddit
Sign in to upload your games and track your stats! →
Sign in with Steam
Match 41968964
Unlisted
Match 41968964
Overview
Messages
Build Orders
End
Selects Italian Combined Arms Battlegroup
Selects Bersaglieri Squad
Bersaglieri Squad
Kradschützen Motorcycle Team
Bersaglieri Squad
Construct Light Support Kompanie
Fire Support Elements
Bersaglieri Squad
Selects Bersaglieri Bolster
Flakvierling Half-track
Vehicle Survival Package
Combat Half-tracks
Panzerjäger Mechanized Group
Selects Breda Model 30 Light Machine Guns
2.5-tonne Medical Truck
Construct Panzerarmee Kommand
Walking Stuka Rocket Launcher
Pak 38 Mechanized Group
Selects Semovente da 75/18 Assault Gun
Selects Strafing Run
Strafing Run
Armored Reserves
Bersaglieri Squad
Tiger Heavy Tank
Strafing Run
Emergency Repair Kits
Tungsten Core Ammunition
Panzer III L Medium Tank
Strafing Run
Walking Stuka Rocket Launcher
Strafing Run
2.5-tonne Medical Truck
Strafing Run
Panzer IV Assault Group
Strafing Run
Rapid Advance
_StArK_
Dash Mamad
ggbilli
homig
Alvarez
kerem
0
0
Comments
sign in to comment!
No comments posted yet!